AoeStats
← JuanJe797

Arena

507022779Analyzed
1v1 RM · 17d ago on Sep 16, 2026· 64m 55s· 2 players
Game mode
Random Map
Map size
Tiny (2 player)
Population
200
Speed
Normal
Resources
Standard
Victory
Conquest
Starting age
Dark Age
Ending age
Imperial Age
RankedLock teamsTeams togetherTeam positionsShared explorationLock speedFull tech treeHidden civsTurbo modeCheats
Victory
Defeat
🇩🇪 Teutons · Germany
742
+18
🇪🇸 Spanish · Spain
781
-42
JuanJe797
10:44 Feudal Age
13:06 Wheelbarrow
16:38 Castle Age
14:44 Horse Collar
17:01 Double-Bit Axe
24:02 Town Watch
24:17 Gold Mining
25:14 Ballistics
28:11 Fervor
29:06 Stone Mining
41:06 Scale Barding Armor
41:12 Forging
42:40 Chain Barding Armor
PfuetzeAchse188
12:04 Feudal Age
14:22 Loom
17:16 Castle Age
16:36 Horse Collar
16:47 Double-Bit Axe
16:56 Gold Mining
17:21 Scale Barding Armor
17:45 Bloodlines
19:08 Bow Saw
21:38 Elite Skirmisher
22:11 Fletching
22:22 Padded Archer Armor
23:33 Heavy Plow
26:33 Forging
28:05 Bodkin Arrow
38:54 Imperial Age
40:29 Cavalier
41:34 Squires
51:46 Onager
63:24 Capped Ram
Connection lost

Rejoining the realm…

Still unreachable

The connection could not be restored.

Session expired

The server has moved on; the page needs a fresh start.